Map: World of Sleepers LE

Players

Maplez - Winner!

  • Race: Protoss Protoss
  • League: Grandmaster
  • Spawn Location: 7:00

Adnap

  • Race: Terran Terran
  • League: Grandmaster
  • Spawn Location: 1:00

VOD

Have the link to the VOD?

Description

Time

  • Played on: Dec. 15, 2019, 12:06 a.m.
  • Length: 7:56
Show
View Real Time Build Order
Export as new Build Order

Maplez Protoss - Winner!

Build Orders:  

Get SALT Encoding   

  12  0:00  Probe  
  13  0:12  Probe  
  14  0:17  Pylon  
  14  0:24  Probe (Chrono Boost)  
  15  0:36  Probe (Chrono Boost)  
  15  0:39  Gateway  
  16  0:43  Probe (Chrono Boost)  
  16  0:49  Assimilator  
  17  0:51  Probe  
  18  1:03  Probe  
  19  1:15  Probe  
  20  1:26  Zealot, Cybernetics Core  
  20  1:28  Probe  
  20  1:30  Pylon  
  23  2:00  Probe  
  24  2:01  Stalker (Chrono Boost)  
  26  2:11  Assimilator  
  26  2:13  Warp Gate  
  24  2:17  Nexus  
  24  2:27  Probe  
  24  2:28  Stalker (Chrono Boost)  
  26  2:39  Probe  
  27  2:46  Gateway  
  27  2:51  Probe  
  28  2:57  Pylon  
  28  3:03  Probe  
  27  3:07  Stalker  
  29  3:15  Probe  
  29  3:16  Robotics Facility  
  30  3:27  Probe (Chrono Boost)  
  30  3:31  Probe (Chrono Boost)  
  32  3:38  Probe (Chrono Boost)  
  32  3:40  Probe (Chrono Boost)  
  34  3:42  Probe (Chrono Boost)  
  34  3:46  Gateway  
  34  3:48  Probe  
  35  3:54  Probe  
  37  4:00  Probe  
  37  4:02  Stalker  
  40  4:03  Stalker  
  40  4:08  Probe, Observer (Chrono Boost)  
  44  4:12  Shield Battery  
  44  4:17  Shield Battery  
  44  4:25  Stalker  
  44  4:28  Stalker  
  44  4:29  Probe  
  49  4:38  Pylon  
  49  4:39  Probe  
  49  4:41  Probe  
  51  4:47  Stalker  
  51  4:51  Probe  
  54  4:54  Shield Battery  
  54  4:58  Stalker x2  
  58  5:01  Probe  
  58  5:03  Probe  
  58  5:05  Assimilator  
  60  5:09  Twilight Council  
  60  5:16  Stalker  
  62  5:27  Pylon  
  62  5:28  Pylon  
  62  5:43  Observer  
  62  5:45  Probe x2  
  62  5:47  Gateway x2  
  62  5:48  Gateway  
  62  5:49  Observer (Chrono Boost)  
  63  5:50  Gateway  
  63  5:59  Stalker x2  
  65  6:05  Stalker  
  57  6:32  Probe  
  59  6:35  Stalker x3  
  59  6:38  Nexus  
  59  6:39  Probe  
  65  6:46  Probe  
  66  6:52  Probe  
  67  6:58  Probe  
  67  7:00  Pylon  
  68  7:01  Stalker  
  70  7:09  Pylon  
  70  7:13  Forge x2  
  70  7:15  Shield Battery  
  70  7:18  Probe  
  70  7:19  Stalker  
  70  7:20  Stalker  
  70  7:21  Observer  
  76  7:23  Stalker  
  76  7:27  Probe  
  79  7:32  Pylon  
  79  7:38  Probe  
  79  7:40  Probe  
  79  7:43  Stalker x2  
  85  7:54  Stalker x3  
Show
View Real Time Build Order
Export as new Build Order

Adnap Terran 

Build Orders:  

Get SALT Encoding   

  12  0:00  SCV  
  13  0:12  SCV  
  14  0:18  Supply Depot  
  14  0:25  SCV  
  15  0:40  SCV  
  16  0:43  Barracks  
  16  0:47  Refinery  
  16  0:52  SCV  
  16  0:56  Refinery  
  18  1:04  SCV  
  18  1:16  SCV  
  19  1:30  Orbital Command, Reaper  
  20  1:37  Supply Depot  
  20  1:44  Bunker  
  20  1:56  SCV  
  21  2:01  Factory  
  20  2:12  Reaper  
  20  2:14  SCV  
  22  2:28  SCV  
  23  2:36  Supply Depot  
  23  2:41  SCV  
  24  2:44  Factory Tech Lab  
  24  2:49  Reaper  
  25  2:59  SCV  
  25  3:03  Cyclone  
  29  3:11  Command Center  
  29  3:13  SCV  
  29  3:19  Starport  
  30  3:28  SCV  
  31  3:35  Cyclone  
  31  3:40  SCV  
  35  3:48  Supply Depot  
  35  3:53  SCV  
  36  3:56  Barracks  
  36  3:57  Starport Tech Lab  
  36  4:08  SCV  
  40  4:10  Siege Tank  
  40  4:17  Banshee  
  40  4:20  Cloaking Field  
  43  4:24  SCV  
  43  4:25  Refinery  
  44  4:37  SCV  
  45  4:42  Orbital Command  
  45  4:49  SCV  
  45  4:50  Siege Tank  
  49  4:56  Barracks  
  49  5:01  Banshee  
  49  5:04  SCV  
  53  5:08  SCV  
  53  5:12  Supply Depot  
  54  5:15  Barracks Reactor, Barracks Tech Lab  
  54  5:16  SCV  
  55  5:22  Supply Depot  
  55  5:28  SCV  
  55  5:31  SCV  
  57  5:38  Factory Reactor, Marine  
  57  5:39  Stimpack  
  50  6:01  Refinery  
  50  6:03  Refinery  
  49  6:06  SCV  
  44  6:20  Marauder, Marine x2  
  42  6:29  SCV x2  
  44  6:36  Factory Reactor  
  44  6:37  Refinery, Marine  
  44  6:38  Refinery  
  45  6:40  Marine x2  
  45  6:41  SCV  
  45  6:42  Medivac x2  
  45  6:45  SCV  
  53  6:53  SCV  
  52  6:55  Marauder  
  52  6:57  SCV  
  52  7:00  Engineering Bay  
  54  7:04  Supply Depot  
  54  7:05  SCV, Marauder, Marine x2  
  59  7:18  Marauder  
  59  7:19  Widow Mine x2  
  59  7:22  Medivac x2  
  67  7:23  Marine  
  67  7:24  Marine  
  67  7:29  Marauder  
Tags
 
Add a new tag
Caveats
  • Supply blocks, unpowered buildings, or Contaminate may cause inaccurate times.
  • Supply counts are checked every 10 seconds.